Match 42219945
Unlisted

Match 42219945
End
Engineer Squad
Construct Weapon Support Center
M1919 Machine Gun Team
Bazooka Squad
Scout Squad
M1919 Machine Gun Team
Mortar Pit
Infantry Support Center
Advanced Logistics
M3 Armored Personnel Carrier
Engineer Squad
Construct Tank Depot
M4(105) Sherman Bulldozer
M18 Hellcat Tank Destroyer
[HAN]Diederick Kastner
让你爱上学习
Wesker007
撸啊撸么么叁
SturmTigerGaddafi
Prorenzo
cc<
Anchored
0
0

Comments sign in to comment!

No comments posted yet!